 Dungeon Crawl Stone Soup version 0.19-a0-860-g5c370dd (webtiles) character file.

1524 LORDOFBUTT the Shield-Bearer (level 8, -7/71 HPs)
             Began as a Minotaur Fighter on July 3, 2016.
             Killed from afar by an orc wizard (9 damage)
             ... with a puff of frost
             ... on level 6 of the Dungeon.
             The game lasted 00:06:56 (4412 turns).

LORDOFBUTT the Shield-Bearer (Minotaur Fighter)     Turns: 4412, Time: 00:06:57

Health: -7/71      AC: 11    Str: 27    XL:     8   Next: 54%
Magic:  7/7        EV: 12    Int:  5    God:
Gold:   227        SH: 11    Dex: 11    Spells: 0 memorised, 7 levels left

rFire  . . .     SeeInvis .     a - +1 war axe
rCold  . . .     Gourm    .     t - +2 ring mail {rPois}
rNeg   . . .     Faith    .     c - +0 shield
rPois  +         Spirit   .     (helmet restricted)
rElec  .         Dismiss  .     (no cloak)
rCorr  .         Reflect  .     (no gloves)
SustAt .         Harm     .     p - +2 pair of boots {Stlth+}
MR     .....                    (no amulet)
Stlth  ++........               (no ring)
                                (no ring)

@: mighty, about to teleport, very slightly contaminated, hasted, very quick,
not resistant to hostile enchantments, unstealthy
A: retaliatory headbutt, horns 2
a: no special abilities


You were on level 6 of the Dungeon.
You were not hungry.

You visited 1 branch of the dungeon, and saw 6 of its levels.

You collected 227 gold pieces.

Inventory:

Hand Weapons
 a - a +1 war axe (weapon)
Armour
 c - a +0 shield (worn)
 p - a +2 pair of boots of stealth (worn)
 t - a +2 ring mail of poison resistance (worn)
Wands
 j - a wand of random effects (16/48)
 x - a wand of random effects (14/48)
Scrolls
 b - a scroll of immolation {unknown}
 g - a scroll of fog
 h - 2 scrolls of remove curse
 m - 2 scrolls of recharging
 y - a scroll of teleportation
 z - 2 scrolls of identify
Potions
 e - 3 potions of mutation
 i - 3 potions of curing
 k - 2 potions of agility {unknown}
 o - a potion of magic {unknown}
 q - 3 potions of lignification {unknown}
 r - a potion of cure mutation {unknown}
 v - a potion of beneficial mutation {unknown}
 w - a potion of resistance {unknown}
Comestibles
 f - 2 bread rations
 s - a meat ration


   Skills:
 + Level 6.4 Fighting
 + Level 5.5 Axes
 + Level 6.8 Armour
 + Level 5.3 Dodging
 + Level 1.4 Stealth
 + Level 7.0 Shields


You had 7 spell levels left.
You didn't know any spells.

Dungeon Overview and Level Annotations

Branches:
Dungeon (6/15)
 Temple: D:4-7

Altars:
Dithmenos
Kikubaaqudgha
Okawaru
Xom

Annotations:
D:6 1 runed door


Innate Abilities, Weirdness & Mutations

You reflexively headbutt those who attack you in melee.
You have a pair of horns on your head.


Message History

The orc warrior misses you.
The orc wizard gestures at you while chanting.
The magic dart hits you!
You feel yourself speed up.
The orc wizard hits you but does no damage.
You block the orc warrior's attack. The orc wizard casts a spell at you.
The puff of frost hits you!
You are very lightly contaminated with residual magic.
The orc wizard gestures at you while chanting.
The puff of flame hits you!
* * * LOW HITPOINT WARNING * * *
The orc wizard gestures at you while chanting.
The magic dart hits you!
* * * LOW HITPOINT WARNING * * *
As you read the scroll of teleportation, it crumbles to dust.
You feel strangely unstable. The orc wizard casts a spell at you.
The puff of frost hits you!
You die...

#.# #.# ### #.# ##.##
#####$. #.# #.>.
.......####### #.# #..#
#.....§ooo..# #.# #..#
#.##..#####.# #.######..##
#.##..# #.# #..........#
#.##..#####.#
########)).#####.##........#
#........@...#.##..####..#
#.####.#.#.#.#.##..# #..#
#.#.#.#.#.##..# #..#
#.#.#.#(#.##..####..#
#.#.#o#.#........)...
#........o.o..####...
###.##..#####.# #### #.##..#
#.# # #..# #.#


You could see an orc wizard.

Vanquished Creatures
  Sigmund (D:6)
  Edmund (D:6)
  A sky beast (D:5)
  A necrophage (D:5)
  A phantom (D:6)
  An ogre (D:5)
  A giant frog (D:6)
  3 scorpions (D:5)
  A howler monkey (D:4)
  2 crimson imps
  3 hounds
  2 orc wizards
  4 orc priests
  A giant frog skeleton (D:4)
  An iguana (D:5)
  Natasha (twice) (D:3)
  2 hound skeletons
  7 gnolls
  3 adders
  An adder skeleton (D:5)
  4 worms
  2 dart slugs (D:1)
  A giant gecko (D:4)
  19 orcs
  2 giant cockroaches
  8 goblins
  4 hobgoblins
  4 jackals (D:5)
  3 quokkas
  A ball python (D:4)
  6 bats
  2 giant gecko skeletons
  A giant gecko zombie (D:5)
  7 giant newts
  4 kobolds
  5 rats
112 creatures vanquished.

Notes
Turn   | Place    | Note
-------+----------+-------------------------------------------
     0 | D:1      | LORDOFBUTT the Minotaur Fighter began the quest for the Orb.
     0 | D:1      | Reached XP level 1. HP: 19/19 MP: 0/0
   221 | D:1      | Reached skill level 4 in Shields
   278 | D:1      | Reached XP level 2. HP: 23/27 MP: 1/1
  1016 | D:2      | Found a shimmering altar of Xom.
  1109 | D:2      | Found a shadowy altar of Dithmenos.
  1174 | D:2      | Found an ancient bone altar of Kikubaaqudgha.
  1398 | D:2      | Reached XP level 3. HP: 33/33 MP: 2/2
  1562 | D:2      | Reached XP level 4. HP: 38/40 MP: 3/3
  1566 | D:2      | Found an iron altar of Okawaru.
  1703 | D:3      | Reached skill level 1 in Dodging
  1894 | D:3      | Noticed Natasha
  1898 | D:3      | Killed Natasha
  1898 | D:3      | Reached XP level 5. HP: 41/46 MP: 4/4
  2085 | D:3      | Noticed Natasha
  2093 | D:3      | Killed Natasha
  2093 | D:3      | Reached skill level 5 in Armour
  2237 | D:3      | Reached skill level 1 in Stealth
  2395 | D:4      | Reached skill level 5 in Shields
  2544 | D:4      | Reached XP level 6. HP: 51/53 MP: 5/5
  3011 | D:5      | Entered Level 5 of the Dungeon
  3022 | D:5      | Reached skill level 5 in Fighting
  3055 | D:5      | Reached XP level 7. HP: 58/60 MP: 6/6
  3279 | D:5      | Reached skill level 6 in Shields
  3616 | D:5      | Reached XP level 8. HP: 34/69 MP: 7/7
  3764 | D:6      | Reached skill level 5 in Axes
  4247 | D:6      | Found a runed door.
  4354 | D:6      | Noticed Sigmund
  4355 | D:6      | Noticed Edmund
  4365 | D:6      | Killed Sigmund
  4365 | D:6      | Reached skill level 5 in Dodging
  4367 | D:6      | Killed Edmund
  4389 | D:6      | Reached skill level 7 in Shields
  4393 | D:6      | HP: 2/71 [orc warrior/glaive (19)]
  4407 | D:6      | HP: 1/71 [orc wizard/magic dart (7)]
  4412 | D:6      | Killed from afar by an orc wizard

Vault maps used:
D:1:      lightli_arrival_noodles
D:2:      kiku_gazebo_pond_becter, marbit_many_paths,
          nicolae_overflow_crystal_walls, old_standard_altar
D:3:      uniq_natasha
D:4:      minmay_stone_trees_small
D:5:      first_bread, grunt_ministairs_14
D:6:      uniq_sigmund, uniq_edmund, uniq_crazy_yiuf_cottage

Skill      XL: |  1  2  3  4  5  6  7  8 |
---------------+-------------------------+-----
Shields        | 4 5 6 7 |  7.0
Armour         | 4 5 6 |  6.8
Fighting       | 4 5 6 |  6.4
Dodging        | 1 2 4 5 |  5.3
Axes           | 3 4 5 |  5.5
Stealth        | 1 |  1.4

Action                   |  1- 3 |  4- 6 |  7- 9 || total
-------------------------+-------+-------+-------++-------
Melee: War axe           |    64 |   114 |   148 ||   326
       Headbutt          |    13 |    18 |    25 ||    56
  Use: Scroll            |       |     8 |     7 ||    15
       Potion            |       |       |     4 ||     4
 Stab: Sleeping          |       |       |     1 ||     1
  Eat: Bread ration      |     1 |       |       ||     1
       Chunk             |       |     2 |     2 ||     4
       Beef jerky        |       |       |     2 ||     2
Armor: Scale mail        |    25 |    38 |    49 ||   112
       Ring mail         |       |       |    12 ||    12
Dodge: Dodged            |    20 |    46 |    51 ||   117
Block: Shield            |    29 |    73 |    78 ||   180
